nht, chaotic female elven Wizard | |}------ |}}}}}}| |.....}| .-- |...@.}| |...| |.....}+ |.|.---.....}| |.|....@....}| |.-----}}}}}}| |...| |}------ --.|. | |...| ---.| ....| ----- nht the Conjurer Experience level: 3 Strength: 9 Dexterity: 10 Constitution: 15 Intelligence: 20 Wisdom: 10 Charisma: 12 Health: 0(21) Energy: 22(22) Def: 1 Gold: 617 Moves: 885 Dungeon seed: qzPwdn-RiR1x4HGE Game ID: nht_1433487254 Your Inventory: Coins $ - 617 gold pieces Weapons a - a blessed +1 quarterstaff x - a +0 dwarvish mattock (weapon in hands) Armor e - an uncursed +0 cloak of magic resistance (being worn) Comestibles w - 3 uncursed food rations Scrolls i - a blessed scroll of light j - an uncursed scroll of identify k - an uncursed scroll of genocide s - an uncursed scroll of enchant weapon u - a blessed scroll of enchant weapon v - an uncursed scroll of light z - an uncursed scroll of punishment C - 3 uncursed scrolls of blank paper Spellbooks l - a blessed spellbook of force bolt m - a blessed spellbook of magic missile n - an uncursed spellbook of drain life y - an uncursed spellbook of cure sickness Potions f - an uncursed potion of fruit juice g - an uncursed potion of blindness h - an uncursed potion of paralysis t - an uncursed potion of confusion A - a blessed potion of restore ability B - a blessed potion of gain energy Rings c - an uncursed +1 ring of increase damage d - an uncursed ring of regeneration Wands b - a blessed wand of enlightenment (0:12) q - a wand of secret door detection (0:13) Tools o - a magic marker (0:98) p - an uncursed wooden flute Spells known in the end: Name Level Category Fail Memory a - force bolt 1 attack 0% 96% b - magic missile 2 attack 0% 96% c - drain life 2 attack 0% 96% Your skills at the end: Fighting Skills Weapon Skills quarterstaff [Basic] Spellcasting Skills attack spells [Basic] enchantment spells [Basic] Final Attributes: You were piously aligned. You were magic-protected. You had infravision. You are dead. Vanquished creatures: a paper golem a dwarf an iguana a hobbit a hobgoblin a gnome a gecko a goblin a lichen 3 newts 12 creatures vanquished. Voluntary challenges: You followed a strict vegan diet. You were an atheist. You used a wielded weapon 12 times, starting on turn 54. You read items or engraved 17 times, starting on turn 12. You never genocided any monsters. You never polymorphed an object. You never changed form. You used no wishes. You never split a pudding. You wrote Elbereth's name 15 times, starting on turn 441. You never violated your personal moral code. You disabled loading bones files. Dungeon overview: The Dungeons of Doom: levels 1 to 28 Level 1 a long staircase Level 2 stairs to The Gnomish Mines Level 3 Level 4 a fountain Level 5 Level 6 Level 7 Level 8 Level 9 Level 10 Level 11 (quest) Level 12 Level 13 Level 14 Level 15 Level 16 Level 17 Level 18 a sink Level 19 Level 20 Level 21 Level 22 Level 23 Level 24 Level 25 Level 26 Level 27 Level 28 <- You were here The Gnomish Mines: Level 3 stairs to The Dungeons of Doom History has recorded: On T:1 you entered the Dungeons of Doom to retrieve the Amulet of Yendor! On T:83 you reached level 2 of The Dungeons of Doom. On T:212 you reached level 3 of The Dungeons of Doom. On T:246 you reached level 1 of The Gnomish Mines. On T:249 you advanced to experience level 2. On T:323 you reached level 5 of The Dungeons of Doom. On T:353 you reached level 6 of The Dungeons of Doom. On T:360 you advanced to experience level 3. On T:394 you reached level 7 of The Dungeons of Doom. On T:415 you reached level 8 of The Dungeons of Doom. On T:438 you reached level 9 of The Dungeons of Doom. On T:462 you reached level 10 of The Dungeons of Doom. On T:491 you reached level 11 of The Dungeons of Doom. On T:513 you reached level 12 of The Dungeons of Doom. On T:535 you reached level 13 of The Dungeons of Doom. On T:558 you reached level 14 of The Dungeons of Doom. On T:580 you reached level 15 of The Dungeons of Doom. On T:607 you reached level 16 of The Dungeons of Doom. On T:629 you reached level 17 of The Dungeons of Doom. On T:631 you reached level 18 of The Dungeons of Doom. On T:655 you reached level 19 of The Dungeons of Doom. On T:678 you reached level 20 of The Dungeons of Doom. On T:701 you reached level 21 of The Dungeons of Doom. On T:723 you reached level 22 of The Dungeons of Doom. On T:750 you reached level 23 of The Dungeons of Doom. On T:773 you reached level 24 of The Dungeons of Doom. On T:795 you reached level 25 of The Dungeons of Doom. On T:817 you reached level 26 of The Dungeons of Doom. On T:844 you reached level 27 of The Dungeons of Doom. On T:867 you reached The Castle. Score breakdown: Gold: 617 ( 9493 points) Experience: 3 levels ( 7878 points) Exploration: 28 levels ( 58.33%) (22738 points) Discoveries: 2 items ( 0.72%) ( 2553 points) Valuables value: (no points given unless you survive) Artifact value: 0 ( 0 points) Variety of kills: 10 monsters ( 2.64%) ( 4873 points) Time penalty: 885 turns ( 0 points) Survival: died (score multiplied by 80%) Total score: 38028 Latest messages: The ochre jelly turns to flee! The chickatrice turns to flee! You dig a hole through the floor. You fall through... The sergeant zaps a crystal wand! The bolt of cold hits you! You die... Final status: Goodbye nht the Wizard, killed by a bolt of cold... You died in The Dungeons of Doom on dungeon level 28 with 38028 points, and 617 pieces of gold, after 885 moves. You were level 3 with a maximum of 21 hit points when you died.